 Dungeon Crawl Stone Soup version 0.19-a0-1899-g2d93087 (webtiles) character file.

1392 dobroeutro the Skirmisher (level 9, -1/64 HPs)
             Began as a Formicid Hunter on Oct 19, 2016.
             Slain by p0werm0de's ghost (8 damage)
             ... on level 5 of the Dungeon.
             The game lasted 00:12:22 (6293 turns).

dobroeutro the Skirmisher (Formicid Hunter)         Turns: 6293, Time: 00:12:23

Health: -1/64      AC:  7    Str: 20    XL:     9   Next: 0%
Magic:  8/9        EV: 11    Int: 12    God:
Gold:   223        SH:  6    Dex: 17    Spells: 0 memorised, 8 levels left

rFire  . . .     SeeInvis +     a - +2 hand crossbow
rCold  + . .     Gourm    .     C - +0 ring mail
rNeg   . . .     Faith    .     s - +1 buckler
rPois  .         Spirit   .     (helmet unavailable)
rElec  .         Reflect  .     b - +0 cloak
rCorr  .         Harm     .     (no gloves)
MR     .....                    (no boots)
Stlth  +.........               (no amulet)
                                u - +3 ring of dexterity
                                i - ring of protection from cold

@: lethally poisoned (-1 -> -3), very slightly contaminated
A: permanent stasis, dig shafts and tunnels, four strong arms, antennae 3, agile
1, clever 1, frail 1
a: Dig, Shaft Self


You were on level 5 of the Dungeon.
You were not hungry.

You visited 1 branch of the dungeon, and saw 5 of its levels.
You also visited: Ossuary.

You collected 223 gold pieces.

Inventory:

Hand Weapons
 a - a +2 hand crossbow (weapon)
 m - a +0 spear
 x - a +2 dagger of venom
 y - a +2 whip of flaming
Missiles
 d - 6 bolts (quivered)
Armour
 b - a +0 cloak (worn)
 s - a +1 buckler (worn)
 C - a +0 ring mail (worn)
Jewellery
 i - a ring of protection from cold (left hand)
 n - an uncursed ring of resist corrosion
 r - an uncursed ring of flight
 u - a +3 ring of dexterity (right hand)
Wands
 e - a wand of slowing (16/48)
 K - a wand of flame (10/48)
Scrolls
 g - 3 scrolls of amnesia
 j - a scroll of fear
 k - 3 scrolls of remove curse
 E - a scroll of blinking
 G - a scroll of identify
 H - a scroll of immolation
 I - a scroll of magic mapping
Potions
 l - 2 potions of heal wounds
 o - a potion of haste
 q - 10 potions of degeneration {unknown}
 t - 2 potions of flight
 w - a potion of lignification {unknown}
 z - a potion of magic
 A - a potion of invisibility
 B - a potion of might
 D - 2 potions of berserk rage {unknown}
 F - a potion of cancellation
 J - a potion of curing {unknown}
Books
 v - a book of Minor Magic

   Spells                             Type                      Level
   a - Magic Dart                     Conjuration                  1
   b - Blink                          Translocation                2
   c - Call Imp                       Summoning                    2
   d - Repel Missiles                 Charms/Air                   2
   e - Slow                           Hexes                        2
   f - Conjure Flame                  Conjuration/Fire             3
   g - Mephitic Cloud                 Conjuration/Poison/Air       3
Comestibles
 c - 3 fruits
 f - 4 bread rations
 h - 3 meat rations
 p - a royal jelly


   Skills:
 + Level 7.1 Fighting
 + Level 7.1 Crossbows
 + Level 4.2 Armour
 - Level 1.7 Dodging
 - Level 1.2 Stealth
 + Level 4.6 Shields


You had 8 spell levels left.
You didn't know any spells.

Dungeon Overview and Level Annotations

Branches:
Dungeon (5/15)
 Temple: D:4-7

Altars:
Makhleb
Nemelex Xobeh
Xom
The Shining One

Annotations:
D:5 p0werm0de's ghost, amateur HECK


Innate Abilities, Weirdness & Mutations

You are under a permanent stasis effect.
You can dig through walls and to a lower floor.
Your four strong arms can wield two-handed weapons with a shield.
You have a pair of large antennae on your head. (SInv)
You are agile. (Dex +2)
Your mind is acute. (Int +2)
You are frail. (-10% HP)


Message History

Firing (i - inventory):
d - 8 bolts (quivered)
Press: ? - help, Shift-Dir - straight line, f - p0werm0de's ghost
Aim: p0werm0de's ghost, wielding a weapon of chaos (almost destroyed)
You shoot a bolt.
The bolt hits p0werm0de's ghost but does no damage.
P0werm0de's ghost is almost destroyed.
You hear a splash.
You feel sick. P0werm0de's ghost hits you.
* * * LOW HITPOINT WARNING * * *
You feel your power leaking away.
Firing (i - inventory):
d - 7 bolts (quivered)
Press: ? - help, Shift-Dir - straight line, f/p - p0werm0de's ghost
Aim: p0werm0de's ghost, wielding a weapon of chaos (almost destroyed)
You shoot a bolt.
The bolt closely misses p0werm0de's ghost.
You hear a splash.
P0werm0de's ghost hits you!
* * * LOW HITPOINT WARNING * * *
Your stasis keeps you stable.
P0werm0de's ghost hits you!
You die...

.....<.# ......#..# ##.##
.......# .........# #.#
.........#...####.#####.###
..<....####... ..........#
###≈≈..# #.### ##.####.#.#
##≈..####.# ####.# #.#.#
#≈....... #....# ##.#.#
#≈#####...##÷##.###..#.#
#........@......##.#
#..###≈..W###....#.#
#...#≈≈#5..#...#.#
#.⌠.#≈≈#.⌠.#.....# #..
#≈≈#...#...### ..##
≈≈≈≈###..#.# #.. ≈≈≈≈≈
..#.# #. .≈≈≈≈≈≈ ....#


You could see p0werm0de's ghost and a crimson imp.

Vanquished Creatures
  Pikel (D:5)
  Eustachio (D:4)
  3 slaves (D:5)
  3 ogres
  A scorpion (D:4)
  3 hounds (D:4)
  A human zombie (Ossuary)
  Ijyb (D:2)
  2 worker ants (D:4)
  Natasha (D:2)
  A big kobold zombie (Ossuary)
  5 mummies (Ossuary)
  6 adders
  An ooze (D:1)
  3 worms
  6 dart slugs
  3 leopard geckos
  3 orcs (D:5)
  4 ball pythons
  9 bats
  9 giant cockroaches
  17 goblins
  11 hobgoblins
  10 jackals
  A quokka (D:4)
  8 frilled lizards
  A gnoll zombie (Ossuary)
  2 goblin zombies (Ossuary)
  A hobgoblin zombie (Ossuary)
  10 kobolds
  2 kobold zombies (Ossuary)
  A quokka zombie (D:5)
  9 rats
140 creatures vanquished.

Notes
Turn   | Place    | Note
-------+----------+-------------------------------------------
     0 | D:1      | dobroeutro the Formicid Hunter began the quest for the Orb.
     0 | D:1      | Reached XP level 1. HP: 16/16 MP: 1/1
   237 | D:1      | Reached XP level 2. HP: 23/23 MP: 2/2
   601 | D:1      | Reached XP level 3. HP: 28/28 MP: 3/3
  1251 | D:2      | HP: 1/29 [poisoned by an adder]
  1572 | D:1      | Reached XP level 4. HP: 19/35 MP: 4/4
  2456 | D:2      | Reached skill level 5 in Crossbows
  2560 | D:2      | Noticed Natasha
  2571 | D:2      | Killed Natasha
  2571 | D:2      | Reached XP level 5. HP: 18/42 MP: 5/5
  3008 | D:2      | Noticed Ijyb
  3025 | D:2      | Killed Ijyb
  3753 | D:3      | Reached XP level 6. HP: 29/50 MP: 6/6
  3967 | D:3      | Noticed an ogre
  3972 | D:3      | Killed an ogre
  3972 | D:3      | Reached skill level 5 in Fighting
  4049 | D:3      | Found a shimmering altar of Xom.
  4051 | D:3      | Found a radiant altar of Vehumet.
  4051 | D:3      | Found a shimmering altar of Xom.
  4053 | D:3      | Found a shimmering altar of Xom.
  4053 | D:3      | Found a sparkling altar of Nemelex Xobeh.
  4053 | D:3      | Found a glowing golden altar of the Shining One.
  4355 | D:4      | Reached skill level 1 in Armour
  4594 | D:4      | Reached skill level 1 in Shields
  4594 | D:4      | Reached XP level 7. HP: 56/56 MP: 7/7
  4634 | D:4      | Gained mutation: You are frail. (-10% HP) [potion of mutation]
  4634 | D:4      | Gained mutation: You are agile. (Dex +2) [potion of mutation]
  4634 | D:4      | Gained mutation: Your mind is acute. (Int +2) [potion of mutation]
  4664 | D:4      | Noticed Eustachio
  4726 | D:4      | Killed Eustachio
  4746 | D:4      | Found a burning altar of Makhleb.
  4921 | D:4      | Reached XP level 8. HP: 44/57 MP: 8/8
  5301 | D:5      | Entered Level 5 of the Dungeon
  5357 | D:5      | Noticed Pikel
  5404 | D:5      | Killed Pikel
  5508 | D:5      | Found a sand-covered staircase.
  5518 | Ossuary  | Entered an ossuary
  6214 | D:5      | Reached XP level 9. HP: 55/64 MP: 9/9
  6221 | D:5      | Noticed p0werm0de's ghost (amateur HECK)
  6293 | D:5      | Slain by p0werm0de's ghost

Vault maps used:
D:1:      minmay_arrival_wavy_path, nrook_mini_backslash
D:2:      kennysheep_goblin_castle, uniq_natasha
D:3:      doesnt_xom_only_xom, minmay_goblin_kobold_house
D:4:      lemuel_crystal_altar, uniq_eustachio
D:5:      lightli_temple_of_fire, first_bread, enter_ossuary_4, minivault_23,
          fountainhead, uniq_pikel
Ossuary:  ossuary_crypta

Skill      XL: |  1  2  3  4  5  6  7  8 |
---------------+-------------------------+-----
Fighting       | 3 4 5 6 7 |  7.1
Crossbows      | 5 6 7 |  7.1
Armour         | 1 2 4 |  4.2
Shields        | 1 3 4 |  4.6
Dodging        | |  1.7
Stealth        | |  1.2

Action                   |  1- 3 |  4- 6 |  7- 9 || total
-------------------------+-------+-------+-------++-------
Melee: Short sword       |   116 |       |       ||   116
       Spear             |    41 |   204 |       ||   245
       Dagger            |       |    41 |   103 ||   144
       Whip              |       |       |    97 ||    97
 Fire: Hand crossbow     |       |    35 |    38 ||    73
 Abil: Dig               |     2 |     1 |     2 ||     5
  Use: Scroll            |       |       |    21 ||    21
       Potion            |       |       |     1 ||     1
 Stab: Distracted        |     1 |       |       ||     1
       Sleeping          |     2 |     5 |     2 ||     9
  Eat: Chunk             |     1 |     7 |     6 ||    14
       Bread ration      |       |     1 |       ||     1
Armor: Leather armour    |    52 |    43 |       ||    95
       Ring mail         |       |     2 |    48 ||    50
Dodge: Dodged            |    94 |   157 |    79 ||   330
Block: Buckler           |       |     5 |    48 ||    53
